 Dungeon Sprint DCSS version 0.31.0-1-g2c135a008e (webtiles) character file.

Game seed: 617295097919061719

53738 Groucho the Naga Aeon (level 14, 0/153 HPs)
             Began as a Naga Fighter on Jan 20, 2024.
             Was the Champion of Cheibriados.
             Killed from afar by a fire giant (43 damage)
             ... with a fireball
             ... in the Dungeon (Sprint IX: "|||||||||||||||||||||||||||||").
             The game lasted 00:13:11 (5761 turns).

Groucho the Naga Aeon (Naga Fighter)                Turns: 5761, Time: 00:13:11

Health: 0/153      AC: 24    Str: 35    XL:     14   Next: 69%
Magic:  2/28       EV: 16    Int: 29    God:    Cheibriados [******]
Gold:   94         SH: 24    Dex: 30    Spells: 13/13 levels left

rFire   . . .        l - +2 morningstar (protect)
rCold   + . .        t - +1 tower shield
rNeg    . . .        B - +2 plate armour {rC+}
rPois   +            a - +0 helmet
rElec   .            E - +1 cloak
rCorr   .            u - +0 pair of gloves
SInv    +            (no barding)
Will    +....        (no amulet) Stlth
                     b - +3 ring of intelligence
HPRegen 0.45/turn    n - +3 ring of intelligence
MPRegen 0.21/turn

%: no teleportation
@: fragile (+50% incoming damage), very slow
A: AC +4, large, see invisible, deformed body, poison resistance, slowness 2,
spit poison 1, naga tail 2
a: Spit Poison, Renounce Religion, Bend Time, Temporal Distortion, Slouch, Step
From Time


You were in the Dungeon.
You worshipped Cheibriados.
Cheibriados was exalted by your worship.
You visited 1 branch You collected 1953 gold pieces.
You spent 1859 gold pieces at shops.

Inventory:

Hand Weapons
 l - a +2 morningstar of protection (weapon)
 x - a +2 trident of venom
 y - a +0 hand cannon of freezing
Missiles
 w - 2 throwing nets
Armour
 a - a +0 helmet (worn)
 t - a +1 tower shield (worn)
 u - a +0 pair of gloves (worn)
 B - a +2 plate armour of cold resistance (worn)
 E - a +1 cloak (worn)
Jewellery
 b - a +3 ring of intelligence (left hand)
 m - a ring of fire
 n - a +3 ring of intelligence (right hand)
 v - a ring of magical power
 A - the ring "Dooh" {rN+ EV+5}
   (You bought it in a shop in the Dungeon)

   [ring of evasion]

   EV+5:      It affects your evasion (+5).
   rN+:       It protects you from negative energy.
 C - a ring of protection from fire
 D - a ring of protection from cold
Wands
 k - a wand of iceblast (11)
 z - a wand of polymorph (10)
Scrolls
 i - 2 scrolls of amnesia
 j - 3 scrolls of blinking
 p - 6 scrolls of enchant armour
 q - a scroll of identify
 r - a scroll of fog
 s - 7 scrolls of enchant weapon
Potions
 c - 2 potions of brilliance
 d - 3 potions of might
 e - 4 potions of curing
 f - 3 potions of heal wounds
 g - 4 potions of berserk rage
 h - 4 potions of magic
 o - a potion of ambrosia


   Skills:
 + Level 17.4 Fighting
 - Level 14.0 Maces & Flails
 + Level 10.7 Polearms
 + Level 14.5 Armour
 + Level 12.5 Dodging
 + Level 15.7 Shields
 + Level 20.6 Invocations


You had 13 spell levels left.
You didn't know any spells.
Your spell library was empty.

Dungeon Overview and Level Annotations

Branches:
Dungeon (1/1)

Altars:
Cheibriados
Dithmenos
Elyvilon
Fedhas
Gozag
Hepliaklqana
Kikubaaqudgha
Makhleb
Nemelex Xobeh
Okawaru
Qazlal
Ru
Sif Muna
Trog
Uskayaw
Vehumet
Wu Jian
Xom
Yredelemnul
Zin
The Shining One
Jiyva
Lugonu

Shops:
D ?=[(


Innate Abilities, Weirdness & Mutations

Your serpentine skin is tough. (AC +4)
You have supernaturally acute eyesight. (SInv)
Armour fits poorly on your strangely shaped body.
Your system is resistant to poisons. (rPois)
You cover ground very slowly.
You can spit poison.
You can use your snake-like lower body to constrict enemies.


Message History

Unknown command.
You bludgeon the fire dragon!!
You kill the fire dragon!
Cheibriados appreciates the change of pace.
The fire dragon scales are intact enough to wear.
The rakshasa weaves an illusion.
The glass eye shimmers and seems to become two!
Unknown command.
Activating: Slouch (0% risk of failure)
Press: ? - help, Dir - look around, f - activate You can feel time thicken for a moment.
You kill the glass eye!
The glass eye shimmers and vanishes!
You block the two-headed ogre's attack.
The two-headed ogre hits you but does no damage.
Unknown command.
Unknown command.
Unknown command.
Activating: Slouch (0% risk of failure)
Press: ? - help, Dir - look around, f - activate You can feel time thicken for a moment.
You kill the glass eye!
Cheibriados appreciates the change of pace.
Unknown command.
Unknown command.
Activating: Slouch (0% risk of failure)
Press: ? - help, Dir - look around, f - activate You can feel time thicken for a moment.
You kill the two-headed ogre!
Cheibriados appreciates the change of pace.
You kill the rakshasa!
Cheibriados appreciates the change of pace.
Unknown command.
Unknown command.
Items here: [[ ††.
A fire giant comes into view.
It is wielding a +2 great sword of flaming.
Items here: ( ))) [ ††.
The fire giant shouts!
The fire giant points at you and mumbles some strange words.
The fireball explodes!
The fireball engulfs you!!
You die...

÷▓.▓)▓.▓[▓.▓.▓.▓,*,*,*,*,*,*,*,*,
.▓.▓)▓.▓[▓.▓.▓.▓.▓,*,*,*,*,*,*,*,
.▓.▓)▓.▓[▓.▓.▓.▓C▓,*,*,*,*,*,*,*,
.▓.▓)▓.▓[▓.▓.▓.▓.▓,*,*,*,*,*,*,*,
÷▓.▓'▓.▓[▓.▓.▓.▓.▓,*,*,*,*,*,*,*,
÷▓.▓.▓.▓[▓.▓÷▓.▓.▓,*,*,*,*,*,*,*,
÷▓.▓.▓.▓[▓.▓'▓.▓.▓,*,*,*,*,*,*,*,
.▓.▓.▓.▓[▓.▓.▓.▓.▓,*,*,*,*,*,*,*,
÷▓[▓.▓.▓.▓.▓.▓)▓@▓,*,*,*,*,*,*,*,
÷▓.▓.▓.▓)▓.▓.▓.▓)▓,*,*,*,*,*,*,*,
÷▓.▓.▓.▓)▓.▓.▓.▓[▓,*,*,*+*,*,*,*,
.▓.▓)▓.▓)▓.▓)▓.▓[▓,*,*,*,*,*,*,*,
.▓.▓[▓.▓)▓.▓.▓.▓[▓,*,*,*,*,*,*,*,
.▓.▓)▓.▓)▓.▓.▓.▓(▓,*,*,*,*,*,*,*,
.▓.▓)▓.▓)▓.▓)▓.▓)▓,*,*,*,*,*,*,*,
.▓.▓.▓.▓)▓.▓)▓.▓.▓,*,*,*,*,*,*,*,
.▓.▓(▓.▓)▓.▓'▓.▓.▓,*,*,*,*,*,*,*,


You could see a fire giant.

Vanquished Creatures
  A lich (D)
  Gastronok (D)
  Agnes (D)
  Donald (D)
  A frost giant (D)
  4 stone giants (D)
  A very ugly thing (D)
  An eleionoma (D)
  A vampire knight (D)
  A spark wasp (D)
  An ettin (D)
  3 fire dragons (D)
  An ice dragon (D)
  2 rakshasas (D)
  A spriggan air mage (D)
  2 hydras (D)
  Harold (D)
  2 anacondas (D)
  An alligator (D)
  Erica (D)
  2 centaur warriors (D)
  A two-headed ogre (shapeshifter) (D)
  A boulder beetle (D)
  A death yak (D)
  3 tengu warriors (D)
  A demonic crawler (D)
  A deep troll shaman (D)
  6 orc high priests (D)
  An occultist (D)
  A shock serpent (D)
  A salamander mystic (D)
  2 spriggan druids (D)
  A sea snake (D)
  2 naga ritualists (D)
  An orb spider (D)
  2 swamp dragons (D)
  2 harpies (D)
  A steelbarb worm (D)
  8 orc knights (D)
  An ugly thing (D)
  An orc sorcerer (D)
  2 manticores (D)
  Maurice (D)
  A moth of wrath (D)
  2 wolf spiders (D)
  A meliai (D)
  A naga mage (D)
  2 water nymphs (D)
  3 black mambas (D)
  2 cane toads (D)
  A torpor snail (D)
  An efreet (D)
  2 rime drakes (D)
  3 komodo dragons (D)
  Psyche (D)
  A troll (D)
  A bloated husk (D)
  A blink frog (D)
  A hornet (D)
  A tarantella (D)
  A glass eye (D)
  2 snapping turtles (D)
  A slime creature (D)
  A wraith (D)
  3 yaks (D)
  A basilisk (D)
  A steam dragon (D)
  5 wargs (D)
  A vampire mosquito (D)
  A hell hound (D)
  3 water moccasins (D)
  11 orc warriors (D)
  An ice beast (D)
  2 wolves (D)
  A laughing skull (D)
  A centaur (D)
  3 bullfrogs (D)
  A killer bee (D)
  A hound (D)
  4 orc priests (D)
  An iguana (D)
  An orc wizard (D)
  A white imp (D)
  A dart slug (D)
  7 orcs (D)
  A bat (D)
  A giant cockroach (D)
  A goblin (D)
  A ball python (D)
156 creatures vanquished.

Vanquished Creatures (others)
  A bunyip (D)
  A hydra (D)
  A vampire mage (D)
3 creatures vanquished.

Grand Total: 159 creatures vanquished

Notes
Turn   | Place    | Note
-------+----------+-------------------------------------------
     0 | D        | Groucho the Naga Fighter began the quest for the Orb.
     0 | D        | Reached XP level 1. HP: 21/21 MP: 1/1
    16 | D        | Reached XP level 2. HP: 28/28 MP: 2/2
    22 | D        | Noticed an ice beast
    34 | D        | Killed an ice beast
    35 | D        | Reached skill level 5 in Fighting
    35 | D        | Reached XP level 3. HP: 24/39 MP: 3/3
    35 | D        | Reached XP level 4. HP: 28/46 MP: 4/4
    37 | D        | Reached skill level 5 in Maces & Flails
    37 | D        | Reached skill level 5 in Shields
    37 | D        | Reached XP level 5. HP: 26/55 MP: 5/5
    43 | D        | Reached skill level 5 in Armour
   546 | D        | Found a snail-covered altar of Cheibriados.
   546 | D        | Found a shadowy altar of Dithmenos.
   546 | D        | Found a white marble altar of Elyvilon.
   546 | D        | Found a blossoming altar of Fedhas.
   546 | D        | Found an opulent altar of Gozag.
   547 | D        | Found a hazy altar of Hepliaklqana.
   548 | D        | Found a viscous altar of Jiyva.
   549 | D        | Found an ancient bone altar of Kikubaaqudgha.
   550 | D        | Became a worshipper of Cheibriados the Contemplative
   551 | D        | Found a corrupted altar of Lugonu.
   552 | D        | Found a burning altar of Makhleb.
   553 | D        | Found a sparkling altar of Nemelex Xobeh.
   554 | D        | Found an iron altar of Okawaru.
   555 | D        | Found a stormy altar of Qazlal.
   556 | D        | Found a sacrificial altar of Ru.
   557 | D        | Found a shimmering blue altar of Sif Muna.
   558 | D        | Found a bloodstained altar of Trog.
   559 | D        | Found a hide-covered altar of Uskayaw.
   560 | D        | Found a radiant altar of Vehumet.
   561 | D        | Found an ornate altar of the Wu Jian Council.
   562 | D        | Found a shimmering altar of Xom.
   563 | D        | Found a basalt altar of Yredelemnul.
   564 | D        | Found a glowing silver altar of Zin.
   565 | D        | Found a glowing golden altar of the Shining One.
   635 | D        | Noticed a centaur
   635 | D        | Noticed a yak
   635 | D        | Noticed a steam dragon
   635 | D        | Noticed a yak
   635 | D        | Noticed a hornet
   646 | D        | Killed a hornet
   646 | D        | Reached * piety under Cheibriados
   647 | D        | Reached XP level 6. HP: 66/66 MP: 6/6
   653 | D        | Killed a steam dragon
   654 | D        | Reached XP level 7. HP: 61/74 MP: 7/7
   657 | D        | Killed a yak
   657 | D        | Reached ** piety under Cheibriados
   662 | D        | Killed a yak
   665 | D        | Reached *** piety under Cheibriados
   668 | D        | Reached XP level 8. HP: 43/85 MP: 8/8
  1021 | D        | Noticed a centaur warrior
  1021 | D        | Noticed an efreet
  1021 | D        | Noticed a troll
  1021 | D        | Noticed a wraith
  1021 | D        | Noticed a cyan ugly thing
  1021 | D        | Noticed a slime creature
  1031 | D        | Killed a slime creature
  1032 | D        | Reached skill level 1 in Dodging
  1032 | D        | Reached skill level 2 in Invocations
  1037 | D        | Killed a cyan ugly thing
  1037 | D        | Reached **** piety under Cheibriados
  1038 | D        | Reached skill level 4 in Invocations
  1045 | D        | Killed a centaur warrior
  1046 | D        | Reached skill level 10 in Fighting
  1046 | D        | Reached skill level 6 in Invocations
  1046 | D        | Reached XP level 9. HP: 37/93 MP: 9/13
  1053 | D        | Killed a troll
  1054 | D        | Reached skill level 10 in Maces & Flails
  1054 | D        | Reached skill level 7 in Invocations
  1056 | D        | Killed an efreet
  1056 | D        | Reached ***** piety under Cheibriados
  1619 | D        | Noticed a rime drake
  1619 | D        | Noticed a komodo dragon
  1619 | D        | Noticed a cane toad
  1628 | D        | Killed a cane toad
  1628 | D        | Reached ****** piety under Cheibriados
  1628 | D        | Killed a rime drake
  1628 | D        | Noticed a rime drake
  1629 | D        | Reached skill level 10 in Shields
  1629 | D        | Reached skill level 9 in Invocations
  1629 | D        | Reached XP level 10. HP: 46/103 MP: 9/16
  1640 | D        | Reached skill level 5 in Dodging
  1988 | D        | Noticed a cane toad
  1988 | D        | Noticed a death yak
  1993 | D        | Noticed a six-headed hydra
  1996 | D        | Noticed a black mamba
  1998 | D        | Killed a cane toad
  1998 | D        | Killed a black mamba
  1999 | D        | Reached skill level 10 in Invocations
  1999 | D        | Killed a death yak
  2000 | D        | Reached skill level 11 in Invocations
  2002 | D        | Killed a six-headed hydra
  2003 | D        | Reached skill level 10 in Armour
  2003 | D        | Reached XP level 11. HP: 96/114 MP: 8/19
  2215 | D        | Reached skill level 12 in Invocations
  2791 | D        | Noticed Maurice
  2792 | D        | Noticed Erica
  2796 | D        | Killed Erica
  2800 | D        | Maurice stole 40 gold
  2806 | D        | Killed Maurice
  2912 | D        | Noticed Harold
  2923 | D        | Killed Harold
  3067 | D        | Noticed Gastronok
  3078 | D        | Killed Gastronok
  3079 | D        | Reached skill level 13 in Invocations
  3219 | D        | Noticed a stone giant
  3237 | D        | Killed a stone giant
  3343 | D        | Noticed an orc sorcerer
  3346 | D        | Killed an orc sorcerer
  3347 | D        | Reached skill level 14 in Invocations
  3362 | D        | Noticed an orc knight
  3375 | D        | Killed an orc knight
  3376 | D        | Reached XP level 12. HP: 81/126 MP: 11/22
  3548 | D        | Found Renneqy's Weapon Boutique.
  3548 | D        | Noticed an orc high priest
  3548 | D        | Noticed an orc high priest
  3548 | D        | Noticed an orc high priest
  3550 | D        | Killed an orc high priest
  3550 | D        | Killed an orc high priest
  3553 | D        | Killed an orc high priest
  3553 | D        | Noticed an orc high priest
  3554 | D        | Reached skill level 15 in Invocations
  3554 | D        | Found Sorghin's Antique Armour Shop.
  3562 | D        | Killed an orc high priest
  3581 | D        | Found Gairhif's Jewellery Boutique.
  3585 | D        | Found Nuis's Magic Scroll Shop.
  3597 | D        | Noticed an orc high priest
  3598 | D        | Noticed an orc high priest
  3600 | D        | Killed an orc high priest
  3601 | D        | Killed an orc high priest
  3602 | D        | Reached skill level 16 in Invocations
  3620 | D        | Bought a +0 hand cannon of freezing for 99 gold pieces
  3622 | D        | Bought a kite shield for 130 gold pieces
  3628 | D        | Bought the ring "Dooh" {rN+ EV+5} for 566 gold pieces
  3630 | D        | Bought a runed plate armour for 754 gold pieces
  3660 | D        | Bought a tower shield for 130 gold pieces
  3664 | D        | Bought a scroll of enchant weapon for 90 gold pieces
  3664 | D        | Bought a scroll of revelation for 90 gold pieces
  3664 | D        | Noticed a deep troll shaman
  3664 | D        | Noticed a brown very ugly thing
  3664 | D        | Noticed an occultist
  3664 | D        | Noticed a lich
  3664 | D        | Noticed a tengu warrior
  3664 | D        | Noticed a frost giant
  3664 | D        | Noticed an ice dragon
  3664 | D        | Noticed a centaur warrior
  3664 | D        | Noticed Psyche
  3664 | D        | Noticed a four-headed hydra
  3664 | D        | Noticed a boulder beetle
  3664 | D        | Noticed a tengu warrior
  3664 | D        | Noticed Agnes
  3828 | D        | Noticed a tengu warrior
  3834 | D        | Killed a tengu warrior
  3835 | D        | Reached skill level 1 in Polearms
  3843 | D        | Killed a centaur warrior
  3845 | D        | Killed a four-headed hydra
  3850 | D        | Killed a tengu warrior
  3855 | D        | Killed an ice dragon
  3855 | D        | Killed a boulder beetle
  3856 | D        | Reached skill level 17 in Invocations
  3856 | D        | Gained mutation: You can use your snake-like lower body to
                  | constrict enemies. [Naga growth]
  3856 | D        | Reached XP level 13. HP: 51/136 MP: 13/25
  3863 | D        | Killed a frost giant
  3863 | D        | Killed a lich
  3864 | D        | Reached skill level 15 in Fighting
  3864 | D        | Reached skill level 5 in Polearms
  3864 | D        | Reached skill level 10 in Dodging
  3866 | D        | Killed a brown very ugly thing
  4438 | D        | Killed Psyche
  4446 | D        | Killed Agnes
  4447 | D        | Reached skill level 18 in Invocations
  5062 | D        | Reached skill level 19 in Invocations
  5278 | D        | Reached XP level 14. HP: 129/150 MP: 16/27
  5511 | D        | Noticed an eleionoma
  5514 | D        | Killed an eleionoma
  5528 | D        | Reached skill level 15 in Shields
  5598 | D        | Noticed Donald
  5609 | D        | Killed Donald
  5719 | D        | Noticed a stone giant
  5719 | D        | Noticed a stone giant
  5725 | D        | Reached skill level 20 in Invocations
  5725 | D        | Noticed a stone giant
  5727 | D        | Noticed a vampire knight
  5729 | D        | Killed a stone giant
  5729 | D        | Killed a stone giant
  5729 | D        | Killed a stone giant
  5730 | D        | Reached skill level 10 in Polearms
  5735 | D        | Killed a vampire knight
  5760 | D        | Noticed a fire giant
  5761 | D        | Killed from afar by a fire giant

Illustrated notes

Levels and vault maps discovered:
D:        linesprint [early_d, line_temple, items_1, d_10, items_2, lair_1,
          lair_end, items_3, orc_1, orc_end, items_4, d_15, swamp_1, shoals_1,
          snake_1, spider_1, d_20, vaults_1, items_5, swamp_end, shoals_end,
          snake_end, spider_end, vaults_end, d_27, items_6, zot_1, zot_end,
          crypt_end, forest_end, elf_end, slime_end, tomb_end, abyss_end,
          pan_hell_end]

Skill      XL: |  1  2  3  4  5  6  7  8  9 10 11 12 13 14 |
---------------+-------------------------------------------+-----
Shields        | 3 4 5 6 7 8 9 10 12 13 14 15 | 15.7
Armour         | 4 6 7 8 9 10 11 12 13 14 | 14.5
Fighting       | 5 7 8 9 10 12 13 14 16 17 | 17.4
Maces & Flails | 4 5 7 8 9 10 11 13 14 | 14.0
Dodging        | 3 4 6 7 9 11 12 | 12.5
Invocations    | 6 9 11 14 17 19 20 | 20.6
Polearms       | 3 8 10 | 10.7

Action                     |  1- 3 |  4- 6 |  7- 9 | 10-12 | 13-15 || total
---------------------------+-------+-------+-------+-------+-------++-------
  Melee: Flail             |    22 |     7 |       |       |       ||    29
         Morningstar       |       |    16 |    54 |   159 |    91 ||   320
         Constrict         |       |       |       |       |    14 ||    14
 Invoke: Slouch            |       |       |     1 |    22 |    20 ||    43
  Evoke: Wand              |       |       |       |       |     4 ||     4
    Use: Potion            |     2 |     1 |     1 |     4 |     2 ||    10
         Scroll            |       |       |       |     1 |       ||     1
   Stab: Invisible         |       |     6 |       |       |       ||     6
 Armour: Scale mail        |    15 |     5 |       |       |       ||    20
         Plate armour      |       |    19 |    52 |   110 |    48 ||   229
  Dodge: Dodged            |     2 |     6 |    18 |    58 |    22 ||   106
  Block: Buckler           |     4 |     3 |    15 |    58 |       ||    80
         Tower shield      |       |       |       |    38 |   104 ||   142
